 Dungeon Crawl Stone Soup version 0.18.1-5-g4a78601 (webtiles) character file.

137 shmeve the Skirmisher (level 5, 0/47 HPs)
             Began as a Hill Orc Fighter on May 11, 2016.
             Succumbed to an adder's poison
             ... on level 3 of the Dungeon.
             The game lasted 00:03:40 (1742 turns).

shmeve the Skirmisher (Hill Orc Fighter)            Turns: 1742, Time: 00:03:41

Health: 0/47       AC:  8    Str: 25    XL:     5   Next: 20%
Magic:  5/5        EV:  8    Int:  8    God:
Gold:   77         SH: 10    Dex: 10    Spells: 0 memorised, 4 levels left

rFire  . . .     SeeInvis .     a - +0 war axe
rCold  . . .     Gourm    .     b - +0 scale mail
rNeg   . . .     Faith    .     c - +0 shield
rPois  .         Spirit   .     (no helmet)
rElec  .         Dismiss  .     (no cloak)
rCorr  .         Reflect  .     i - +0 pair of gloves
SustAt .         Harm     .     (no boots)
MR     .....                    (no amulet)
Stlth  ..........               (no ring)
                                (no ring)

@: mighty, lethally poisoned (0 -> -1), not resistant to hostile enchantments,
extremely unstealthy
A: no striking features
a: no special abilities


You were on level 3 of the Dungeon.
You were not hungry.

You visited 1 branch of the dungeon, and saw 3 of its levels.

You collected 77 gold pieces.

Inventory:

Hand Weapons
 a - a +0 war axe (weapon)
Armour
 b - a +0 scale mail (worn)
 c - a +0 shield (worn)
 i - a +0 pair of gloves (worn)
Scrolls
 h - 3 scrolls of identify {unknown}
 k - a scroll of fear {unknown}
 n - 2 scrolls of enchant armour {unknown}
 p - a scroll of magic mapping {unknown}
Potions
 d - a potion of might
 e - a potion of flight {unknown}
 j - a potion of curing {unknown}
 l - a potion of invisibility {unknown}
 o - a potion of haste {unknown}
 q - a potion of degeneration {unknown}
Comestibles
 f - 2 bread rations
 g - 2 beef jerkies
 m - 2 meat rations
 r - a slice of pizza


   Skills:
 * Level 4.8 Fighting
 * Level 3.9 Axes
 + Level 3.7 Armour
 + Level 1.3 Dodging
 * Level 4.0 Shields


You had 4 spell levels left.
You didn't know any spells.

Dungeon Overview and Level Annotations

Branches:
Dungeon (3/15)

Altars:
Sif Muna


Message History

The orc wizard is severely wounded.
You miss the adder. x2; You hit the kobold.
You kill the kobold!
You feel sick. The adder misses you. The adder bites you but does no damage.
The orc wizard hits you with a dagger.
* * * LOW HITPOINT WARNING * * *
The adder barely misses you. You block the adder's attack.
You miss the orc wizard.
The orc wizard is severely wounded.
You miss the adder. x2; The adder barely misses you.
The adder bites you but does no damage.
The orc wizard hits you but does no damage.
The adder barely misses you. The adder bites you but does no damage.
Unknown command.
You slash the orc wizard!
You kill the orc wizard!
You have reached level 5!
You feel stronger.
You miss the adder. You barely miss the adder.
You die...

#........###.....##
#.######## ##...##
#.############+##
#.##.......#
#.##.......#
#.##.?.....#
#..........#
####.).)...#
#.[@)...# #..SS..>#
#.##....... #?#
###.### #.. # ###


You could see 2 adders.

Vanquished Creatures
  An orc wizard (D:3)
  Terence (D:2)
  2 adders
  An ooze (D:1)
  A dart slug (D:1)
  A giant gecko (D:2)
  3 orcs (D:3)
  4 giant cockroaches
  2 goblins
  6 hobgoblins
  6 jackals
  A quokka (D:3)
  7 bats
  4 giant newts
  8 kobolds
  10 rats
58 creatures vanquished.

Notes
Turn   | Place    | Note
--------------------------------------------------------------
     0 | D:1      | shmeve the Hill Orc Fighter began the quest for the Orb.
     0 | D:1      | Reached XP level 1. HP: 19/19 MP: 1/1
    69 | D:1      | Reached XP level 2. HP: 19/27 MP: 2/2
   245 | D:1      | Reached XP level 3. HP: 32/33 MP: 3/3
   516 | D:1      | Reached skill level 1 in Dodging
   892 | D:2      | Noticed Terence
   899 | D:2      | Killed Terence
   899 | D:2      | Reached XP level 4. HP: 34/41 MP: 4/4
   903 | D:2      | Found a faded altar to an unknown god.
  1663 | D:3      | Found a deep blue altar of Sif Muna.
  1740 | D:3      | HP: 1/41 [orc wizard/dagger (3)]
  1742 | D:3      | Reached XP level 5. HP: 1/47 MP: 5/5
  1742 | D:3      | Succumbed to an adder's poison

Skill      XL: |  1  2  3  4 |
---------------+-------------+-----
Axes           | 3 |  3.9
Fighting       | 4 |  4.8
Dodging        | 1 |  1.3
Shields        | 4 |  4.0
Armour         | |  3.7

Action                   |  1- 3 |  4- 6 || total
-------------------------+-------+-------++-------
Melee: War axe           |    95 |    85 ||   180
  Use: Potion            |       |     1 ||     1
  Eat: Chunk             |       |     3 ||     3
Armor: Scale mail        |    45 |    69 ||   114
Dodge: Dodged            |    31 |    43 ||    74
Block: Shield            |    44 |    70 ||   114
